 Dungeon Crawl Stone Soup version 0.11.3 (webtiles) character file.

118 Aargh the Skirmisher (level 2, -1/22 HPs)
             Began as a Merfolk Abyssal Knight on July 13, 2013.
             Was a Believer of Lugonu.
             Killed from afar by Sigmund (7 damage)
             ... with a magic dart
             ... on Level 2 of the Dungeon.
             The game lasted 00:07:51 (1194 turns).

Aargh the Skirmisher (Merfolk Abyssal Knight)       Turns: 1194, Time: 00:07:51

HP  -1/22        AC  3     Str 17      XL: 2   Next: 83%
MP   2/2         EV 12     Int 11      God: Lugonu [**....]
Gold 97          SH  0     Dex 13      Spells:  0 memorised,  1 level left

Res.Fire  : . . .   See Invis. : .   a - +2 short sword
Res.Cold  : . . .   Warding    : .   b - +0 leather armour (curse)
Life Prot.: . . .   Conserve   : .   (no shield)
Res.Poison: .       Res.Corr.  : .   (no helmet)
Res.Elec. : .       Clarity    : .   (no cloak)
Sust.Abil.: . .     Spirit.Shd : .   (no gloves)
Res.Mut.  : .       Stasis     : .   (no boots)
Res.Rott. : .       Ctrl.Telep.: .   (no amulet)
Saprovore : . . .   Levitation : .   (no ring) Ctrl.Flight: .
                                     (no ring)

@: mighty, very slightly contaminated, hasted, very quick, not resistant to
hostile enchantments, unstealthy
A: change form in water, swift swim
a: Depart the Abyss, Bend Space, Renounce Religion


You were on level 2 of the Dungeon.
You worshipped Lugonu.
Lugonu was most pleased with you.
You were not hungry.

You visited 1 branch of the dungeon, and saw 2 of its levels.
You visited the Abyss 1 time.

You collected 77 gold pieces.

Dungeon Overview and Level Annotations

Branches:
Dungeon (2/27)

Altars:

Annotations
D:2 Sigmund


   Skills:
 + Level 3.5 Fighting
 + Level 2.5 Short Blades
 + Level 0.7 Armour
 + Level 3.3 Dodging
 + Level 2.5 Invocations


You had one spell level left.
You didn't know any spells.

Inventory:

Hand weapons
 a - a +2,+2 short sword (weapon)
 d - a +0,+0 spear (quivered)
 e - a +0,+0 orcish club
 f - a +1,+2 orcish dagger
 i - a +0,+0 orcish club
 j - a +2,+2 elven dagger
Missiles
 g - 20 poisoned needles
 m - 3 darts of flame
 s - 24 arrows
Armour
 b - a cursed +0 leather armour (worn)
 p - a +1 dwarven cloak
Comestibles
 c - 3 bread rations
Scrolls
 k - a scroll of remove curse {unknown}
 n - a scroll of identify
Jewellery
 l - a cursed ring of protection from fire {unknown}
Potions
 o - a potion of brilliance
 q - a potion of magic {unknown}


Message History

You see here 5 poisoned needles.
g - 20 poisoned needles (gained 5)
Found a robe.
There is an escape hatch in the floor here.
k - a scroll labeled CAIG SYSMOO {tried} A goblin comes into view.
The goblin shouts!
You hit the goblin.
The goblin is moderately wounded.
The goblin hits you.
You hit the goblin.
You kill the goblin!
Lugonu accepts your kill.
You see here a goblin corpse.
The goblin corpse is consumed by the void.
Sigmund comes into view.
He is wielding a glowing scythe.
Sigmund shouts!
Sigmund gestures at you while chanting.
You are confused.
A rat comes into view.
A hobgoblin comes into view. It is wielding an orcish club.
Ouch! The hobgoblin shouts!
Drink which item? (? for menu, Esc to quit)
You feel yourself speed up.
It was a potion of speed.
Sigmund barely misses you.
Ouch!
Drink which item? (? for menu, Esc to quit)
You feel very mighty all of a sudden.
It was a potion of might.
You feel less confused.
You are very lightly contaminated with residual magic.
Sigmund points at you and mumbles some strange words.
The magic dart hits you! Sigmund casts a spell at you.
The puff of flame hits you!
* * * LOW HITPOINT WARNING * * *
Sigmund casts a spell at you. The magic dart hits you!
You die...

#.# #####.......# #.#
#.......##### #.#
#.###.......# #.# #.#
#.#.###.# #[# #.#
#g#.# # #.# #.###.#@#
##.###.##r...###.#
#.###...##.#.........#
#........@.......#####
#####...##.###.#.#
#.####.# #.#.#
######## #.# #.# #....
.<.....# #># #..
....## .#####.#
#.############ .#
#.#####.##..<.......
.#
#...........########
.###########.##..#


You could see Sigmund.

Vanquished Creatures
  2 giant geckos (D:1)
  6 goblins
  4 hobgoblins (D:1)
  A giant cockroach (D:1)
  A giant newt (D:2)
  2 kobolds (D:1)
  3 rats (D:1)
19 creatures vanquished.

Notes
Turn   | Place    | Note
--------------------------------------------------------------
     0 | Abyss    | Aargh, the Merfolk Abyssal Knight, began the quest for the Orb.
     0 | Abyss    | Reached XP level 1. HP: 16/16 MP: 1/1
    24 | D:1      | You pass through the gate.
    24 | D:1      | Escaped the Abyss.
    48 | D:1      | Reached skill level 3 in Dodging
    60 | D:1      | Reached XP level 2. HP: 5/22 MP: 2/2
  1002 | D:1      | Acquired Lugonu's second power
  1173 | D:2      | Noticed Sigmund
  1194 | D:2      | Killed from afar by Sigmund
